 Dungeon Crawl Stone Soup version 0.24-b1-44-g37ad8b309f (webtiles) character file.

Game seed: 10937545919342894707, levelgen mode: deterministic

5493 Mrkan the Grappler (level 10, 0/98 HPs)
             Began as a Troll Monk on Oct 24, 2019.
             Was a High Priest of Trog.
             Slain by a wyvern (11 damage)
             ... on level 10 of the Dungeon.
             The game lasted 00:15:44 (6897 turns).

Mrkan the Grappler (Troll Monk)                     Turns: 6897, Time: 00:15:45

Health: 0/98       AC:  7    Str: 23    XL:     10   Next: 42%
Magic:  9/9        EV:  7    Int: 13    God:    Trog [*****.]
Gold:   521        SH:  7    Dex: 13    Spells: 9/9 levels left

rFire    . . .     SeeInvis .     - Unarmed
rCold    + . .     Gourm    +   D - +0 shield of Cowardice {rC+ Int+7} (curse)
rNeg     . . .     Faith    .   a - +0 robe
rPois    .         Spirit   .   (helmet restricted)
rElec    .         Reflect  .   d - +0 cloak
rCorr    .         Harm     .   (gloves unavailable)
MR       .....                  (boots unavailable)
Stlth    ++........             (no amulet)
HPRegen  0.66/turn              (no ring)
MPRegen  0.11/turn              (no ring)

@: no status effects
A: large, unfitting armour, claws 3, fast metabolism 3, gourmand, regeneration
1, shaggy fur 1, tough skin 3
a: Berserk, Trog's Hand, Brothers in Arms, Renounce Religion


You were on level 10 of the Dungeon.
You worshipped Trog.
Trog was extremely pleased with you.
You were completely stuffed.

You visited 1 branch of the dungeon, and saw 10 of its levels.

You collected 521 gold pieces.

Inventory:

Hand Weapons
 F - a +6 bardiche of flaming
Missiles
 c - 109 poisoned darts (quivered)
 i - 272 stones
 x - a throwing net
 I - 6 large rocks
Armour
 a - a +0 robe (worn)
 d - a +0 cloak (worn)
 w - a cursed +0 shield
 D - the cursed +0 shield of Cowardice (worn) {rC+ Int+7}
   (You found it on level 7 of the Dungeon)

   It affects your intelligence (+7).
   It protects you from cold.
   It has a curse placed upon it.
 J - a +0 large shield
 K - a +2 pair of gloves
Jewellery
 h - an uncursed ring of fire
 N - an uncursed ring of positive energy
Wands
 u - a wand of flame (16)
 C - a wand of random effects (10)
 E - a wand of acid (17)
 G - a wand of polymorph (11)
Scrolls
 e - a scroll of identify
 f - 3 scrolls of enchant weapon {unknown}
 g - 6 scrolls of teleportation
 m - a scroll of enchant armour {unknown}
 p - 3 scrolls of remove curse {unknown}
 q - 4 scrolls of amnesia {unknown}
 s - 2 scrolls of magic mapping {unknown}
 y - a scroll of blinking {unknown}
 H - a scroll of random uselessness {unknown}
 L - a scroll of fog {unknown}
Potions
 j - a potion of berserk rage {unknown}
 k - 2 potions of curing {unknown}
 l - 3 potions of flight {unknown}
 n - a potion of lignification {unknown}
 o - 2 potions of haste
 r - 4 potions of might
 t - a potion of resistance {unknown}
 v - a potion of heal wounds {unknown}
 z - 3 potions of degeneration {unknown}
 A - a potion of invisibility {unknown}
 B - 3 potions of ambrosia {unknown}
Comestibles
 b - 22 rations
 M - 10 chunks of flesh


   Skills:
 + Level 6.2 Fighting
 * Level 8.8 Throwing
 - Level 2.4 Dodging
 - Level 1.0 Stealth
 - Level 10.6 Unarmed Combat


You had 9 spell levels left.
You didn't know any spells.
Your spell library was empty.

Dungeon Overview and Level Annotations

Branches:
Dungeon (10/15)            Temple (0/1) D:5             Orc (0/2) D:9
   Lair: D:8-11

Altars:
Ashenzari
Cheibriados
Elyvilon
Hepliaklqana
Qazlal
Sif Muna
Trog
Vehumet
Wu Jian
Xom
Zin
Beogh

Shops:
D:4 ?

Annotations:
D:10 Gastronok


Innate Abilities, Weirdness & Mutations

You are too large for most types of armour.
You have claws for hands.
Your metabolism is lightning-fast.
You like to eat raw meat.
Your natural rate of healing is unusually fast.
You are covered in fur. (AC +1)
You have extremely tough skin. (AC +3)


Message History

b - 22 rations (gained 1)
A wyvern comes into view.
A wyvern is nearby!
An orc and an ogre come into view.
The wyvern hisses angrily.
The ogre shouts!
You see here a chain mail.
You block the wyvern's attack. The wyvern bites you!
You closely miss the wyvern. The wyvern bites you!
A bullfrog comes into view.
You scratch the wyvern.
The wyvern is lightly wounded.
The wyvern bites you!
* * * LOW HITPOINT WARNING * * *
The ogre barely misses you. The wyvern barely misses you.
You barely miss the wyvern.
The wyvern is lightly wounded.
The wyvern bites you!
* * * LOW HITPOINT WARNING * * *
The wyvern bites you!
You die...

.........# #....#
#........# #....#
#........# #....# .#
#........# #....# ..#
#........# #....# ..<#
.........# #....# ...#
.........#####....##...#
.......oO[.............#
....F..l@..>...........#
########..#######......#
#?.# #......#
#..#######......#
#...............#
^......
..#####.######).# ......
...# #.# #(.# ..... ..#
#.# #..# #...# #.# #..#


You could see a wyvern, an ogre, a bullfrog and an orc.

Vanquished Creatures
  A two-headed ogre (D:9)
  A centaur zombie (D:9)
  2 trolls (D:10)
  Sigmund (D:2)
  A hungry ghost (D:8)
  2 orc warriors
  3 ice beasts
  2 phantoms
  An eye of draining (D:9)
  5 ogres
  2 centaurs
  A big kobold (D:10)
  6 bullfrogs
  A scorpion (D:4)
  4 killer bees (D:8)
  3 howler monkeys (D:7)
  5 crimson imps
  A quasit (D:7)
  4 jellies
  4 hounds
  A bullfrog skeleton (D:9)
  10 orc priests
  11 orc wizards
  A gnoll shaman (D:6)
  An iguana (D:8)
  Terence (D:2)
  7 worker ants
  A hound skeleton (D:4)
  A hound zombie (D:6)
  A worker ant zombie (D:5)
  15 gnolls
  8 adders
  2 shadow imps
  An ooze (D:2)
  2 adder zombies
  2 adder skeletons
  2 dart slugs
  6 leopard geckos
  31 orcs
  A ball python (D:3)
  3 giant cockroaches
  8 goblins
  7 hobgoblins
  13 jackals
  5 quokkas
  4 bats
  3 frilled lizards
  A jackal skeleton (D:4)
  9 kobolds
  2 leopard gecko skeletons
  2 quokka skeletons
  A quokka zombie (D:10)
  10 rats
  2 plants (D:1)
225 creatures vanquished.

Notes
Turn   | Place    | Note
-------+----------+-------------------------------------------
     0 | D:1      | Mrkan the Troll Monk began the quest for the Orb.
     0 | D:1      | Reached XP level 1. HP: 22/22 MP: 0/0
     1 | D:1      | Noticed an electric eel
    70 | D:1      | Reached XP level 2. HP: 29/29 MP: 1/1
   299 | D:1      | Reached skill level 4 in Unarmed Combat
   401 | D:1      | Reached XP level 3. HP: 36/36 MP: 2/2
   645 | D:2      | Noticed Sigmund
   653 | D:2      | Killed Sigmund
   653 | D:2      | Reached skill level 6 in Unarmed Combat
   653 | D:2      | Reached XP level 4. HP: 19/44 MP: 3/3
   653 | D:2      | Reached XP level 5. HP: 22/50 MP: 4/4
   724 | D:2      | Found a bloodstained altar of Trog.
   740 | D:2      | Became a worshipper of Trog the Wrathful
   740 | D:2      | Reached * piety under Trog
   740 | D:2      | Reached ** piety under Trog
  1132 | D:2      | Noticed Terence
  1138 | D:2      | Killed Terence
  1318 | D:3      | Found a white marble altar of Elyvilon.
  1318 | D:3      | Found a radiant altar of Vehumet.
  1333 | D:3      | Reached XP level 6. HP: 54/59 MP: 5/5
  1341 | D:3      | Found a shattered altar of Ashenzari.
  1391 | D:3      | Reached skill level 7 in Unarmed Combat
  1463 | D:3      | Found a shimmering blue altar of Sif Muna.
  1523 | D:3      | Found a faded altar of an unknown god.
  1787 | D:3      | Reached *** piety under Trog
  2015 | D:4      | Reached skill level 8 in Unarmed Combat
  2015 | D:4      | Reached XP level 7. HP: 48/66 MP: 6/6
  2317 | D:4      | Found Annec's Magic Scroll Boutique.
  2481 | D:4      | Reached skill level 9 in Unarmed Combat
  2803 | D:4      | Reached XP level 8. HP: 74/74 MP: 7/7
  3064 | D:5      | Entered Level 5 of the Dungeon
  3086 | D:5      | Reached **** piety under Trog
  3086 | D:5      | Reached skill level 10 in Unarmed Combat
  3142 | D:5      | Found a staircase to the Ecumenical Temple.
  3296 | D:5      | Found a shimmering altar of Xom.
  3667 | D:6      | Reached skill level 1 in Throwing
  3721 | D:6      | Identified the +3 buckler of Beyond {*Corrode rN+ Int+6}
  3975 | D:6      | Reached XP level 9. HP: 42/83 MP: 8/8
  4400 | D:7      | You fall into a shaft and drop 1 floor!
  4442 | D:7      | Reached ***** piety under Trog
  4556 | D:7      | Got an ichor-stained shield
  4558 | D:7      | Identified the cursed +0 shield of Cowardice {rC+ Int+7}
                  | (You found it on level 7 of the Dungeon)
  4602 | D:7      | Reached skill level 5 in Throwing
  4760 | D:7      | Received a gift from Trog
  4814 | D:7      | Found an ornate altar of the Wu Jian Council.
  5434 | D:8      | Reached skill level 5 in Fighting
  5639 | D:8      | Noticed an angel
  5640 | D:8      | Found a glowing silver altar of Zin.
  5882 | D:9      | Found a staircase to the Orcish Mines.
  6075 | D:9      | Noticed a two-headed ogre
  6076 | D:9      | Found a stormy altar of Qazlal.
  6083 | D:9      | Killed a two-headed ogre
  6083 | D:9      | Reached XP level 10. HP: 79/98 MP: 0/9
  6139 | D:9      | Found a hazy altar of Hepliaklqana.
  6163 | D:9      | Found a roughly hewn altar of Beogh.
  6379 | D:10     | Entered Level 10 of the Dungeon
  6420 | D:10     | Noticed Gastronok
  6443 | D:10     | HP: 3/98 [bullfrog (3)]
  6583 | D:10     | Found a snail-covered altar of Cheibriados.
  6897 | D:10     | Slain by a wyvern

Skill      XL: |  1  2  3  4  5  6  7  8  9 10 |
---------------+-------------------------------+-----
Unarmed Combat | 4 6 8 9 10 | 10.6
Throwing       | 4 7 8 |  8.8
Fighting       | 3 5 6 |  6.2
Dodging        | |  2.4
Stealth        | |  1.0

Action                   |  1- 3 |  4- 6 |  7- 9 | 10-12 || total
-------------------------+-------+-------+-------+-------++-------
Melee: Unarmed           |    98 |   139 |   321 |    96 ||   654
       Punch             |     1 |     4 |     5 |       ||    10
Invok: Berserk           |       |       |       |     2 ||     2
  Use: Scroll            |       |       |     2 |     3 ||     5
 Stab: Sleeping          |       |     4 |     2 |       ||     6
  Eat: Chunk             |    11 |    12 |    36 |    15 ||    74
       Ration            |       |       |     1 |       ||     1
Armor: Robe              |    32 |    52 |   101 |    24 ||   209
Dodge: Dodged            |    44 |    75 |    99 |    28 ||   246
Block: Shield            |       |       |    43 |    31 ||    74
